 Dungeon Crawl Stone Soup version 0.29-a0-838-g385bb11a5b (webtiles) character file.

Game seed: 8720972609711383167

3904 ytrimaz the Cleaver (level 10, -4/70 HPs)
             Began as a Formicid Fighter on July 14, 2022.
             Was a Priest of Ashenzari.
             Slain by a wyvern (12 damage)
             ... on level 8 of the Dungeon.
             The game lasted 00:10:38 (10130 turns).

ytrimaz the Cleaver (Formicid Fighter)             Turns: 10130, Time: 00:10:39

Health: -4/70      AC: 16    Str: 25    XL:     10   Next: 43%
Magic:  10/10      EV:  9    Int:  8    God:    Ashenzari [***...]
Gold:   519        SH:  5    Dex: 13    Spells: 9/9 levels left

rFire   . . .      SeeInvis +   a - +0 war axe
rCold   . . .      Faith    .   c - +0 buckler of Desmomancy {Cun, Comp} (curse)
rNeg    . . .      Spirit   .   g - +4 scale mail
rPois   .          Reflect  .   (helmet unavailable)
rElec   .          Harm     .   k - +0 cloak "I Knew You'd Do That" {Range, Evo} (curse)
rCorr   .          Rampage  .   w - +1 pair of gloves of Apeoromancy {Melee, Elem} (curse)
Will    +....      Clarity  +   n - +0 pair of boots "Ruined With Me" {Melee, Fort} (curse)
Stlth   ..........              (no amulet)
HPRegen 0.21/turn               (no ring)
MPRegen 0.12/turn               (no ring)

@: no status effects
A: permanent stasis, dig shafts and tunnels, antennae 3, four strong arms
a: Dig, Shaft Self, Renounce Religion, Curse Item, Shatter the Chains


You were on level 8 of the Dungeon.
You worshipped Ashenzari.
Ashenzari was most pleased with you.
You visited 2 branches of the dungeon, and saw 9 of its levels.

You collected 519 gold pieces.

Inventory:

Hand Weapons
 a - a +0 war axe (weapon)
Missiles
 j - 2 throwing nets
 s - 5 boomerangs (quivered)
Armour
 c - the cursed +0 buckler of Desmomancy (worn) {Cun, Comp}

   It has a curse which improves the following skills: Cunning: Dodging and
   Stealth.
   Companions: Summonings and Necromancy.
 g - a +4 scale mail (worn)
 k - the cursed +0 cloak "I Knew You'd Do That" (worn) {Range, Evo}
   (You found it on level 2 of the Dungeon)

   It has a curse which improves the following skills: Ranged Combat: Ranged
   Weapons and Throwing.
   Evocations: Evocations.
 n - the cursed +0 pair of boots "Ruined With Me" (worn) {Melee, Fort}
   (You found it on level 3 of the Dungeon)

   It has a curse which improves the following skills: Melee Combat: Short
   Blades, Long Blades, Axes, Maces & Flails, Polearms, Staves and Unarmed
   Combat.
   Fortitude: Armour and Shields.
 p - a +0 plate armour
 w - the cursed +1 pair of gloves of Apeoromancy (worn) {Melee, Elem}
   (You found it on level 5 of the Dungeon)

   It has a curse which improves the following skills: Melee Combat: Short
   Blades, Long Blades, Axes, Maces & Flails, Polearms, Staves and Unarmed
   Combat.
   Elements:  Fire Magic, Ice Magic, Air Magic and Earth Magic.
Wands
 b - a wand of polymorph (5)
 m - a wand of roots (10)
 o - a wand of digging (7)
Scrolls
 d - a scroll of magic mapping
 h - 2 scrolls of enchant armour
 i - 2 scrolls of poison
 u - 3 scrolls of immolation
Potions
 e - a potion of lignification
 f - a potion of curing
 l - 2 potions of ambrosia
 q - 4 potions of brilliance
 r - 2 potions of flight
 v - a potion of attraction


   Skills:
 - Level 3.2 Fighting
 - Level 13.6(16.0) Axes
 + Level 3.7(5.2) Throwing
 - Level 4.1(5.6) Armour
 - Level 4.0(5.5) Shields
 - Level 0.2(0.6) Evocations


You had 9 spell levels left.
You didn't know any spells.
Your spell library was empty.

Dungeon Overview and Level Annotations

Branches:
Dungeon (8/15)             Temple (1/1) D:4            Lair (0/6) D:8

Altars:
Ashenzari
Cheibriados
Dithmenos
Fedhas
Gozag
Hepliaklqana
Kikubaaqudgha
Makhleb
Nemelex Xobeh
Okawaru
Qazlal
Ru
Sif Muna
Trog
Uskayaw
Vehumet
Wu Jian
Xom
Yredelemnul
Zin
The Shining One

Annotations:
D:6 3 runed translucent doors, Tollund's ghost, amateur DgTm


Innate Abilities, Weirdness & Mutations

You cannot be hasted, slowed, berserked, paralysed or teleported.
You can dig through walls and to a lower floor.
You have a pair of large antennae on your head. (SInv)
Your four strong arms can wield two-handed weapons with a shield.


Message History

Aim: a wyvern (60% to hit)
You throw a boomerang. The boomerang hits the wyvern.
The wyvern is lightly wounded.
Unknown command.
Throw: 5 boomerangs
Press: ? - help, Q - select action, (/) - cycle Shift-Dir - straight line, f/p - wyvern
Aim: a wyvern (lightly wounded, 60% to hit)
You throw a boomerang.
The boomerang hits the wyvern but does no damage.
The wyvern is lightly wounded.
Throw: 5 boomerangs
Press: ? - help, Q - select action, (/) - cycle Shift-Dir - straight line, f/p - wyvern
Aim: a wyvern (lightly wounded, 60% to hit)
You throw a boomerang. The boomerang hits the wyvern!
The wyvern is heavily wounded.
The wyvern bites you but does no damage.
The wyvern bites you!
* * * LOW HITPOINT WARNING * * *
You hit the wyvern but do no damage.
The wyvern is heavily wounded.
You hit the plant.
The plant begins to die.
A wolf comes into view.
The wyvern barely misses you.
You hit the wyvern but do no damage.
The wyvern is heavily wounded.
You hit the plant. The wyvern closely misses you.
Unknown command.
You closely miss the wyvern.
The wyvern is heavily wounded.
You hit the plant. The wyvern completely misses you.
Unknown command.
You barely miss the wyvern.
The wyvern is heavily wounded.
You completely miss the plant.
The wyvern bites you but does no damage.
Unknown command.
You slash the wyvern!
The wyvern is almost dead.
You hit the plant.
A nearby plant withers and dies.
The wyvern bites you!
You die...

#..........♣....#,....
#P..............# ,,
#........P....P.#
#....P.♣>.PP....#
##########.P..............
,####
.................P...P...
+...
............).♣.Ph♣......,
#...
..../..................P.
, #...
...........#..l@........
,#...
...........#..♣.......#.
,#...
........†..#.......♣..#
#...
.......†)..+.....######
,#... #.##..##†..###...# ,
, , #...
#.##..###'####+###, ###'
#.......))....... ,, , ,
#... ,+................ ,
+... #................ ,
,,, #...


You could see a wyvern and a wolf.

Vanquished Creatures
  Grinder (D:3)
  Prince Ribbit (D:6)
  Sigmund (D:6)
  3 wyverns (D:8)
  Duvessa (D:6)
  5 water moccasins
  An orc warrior (D:6)
  3 black bears
  A sky beast (D:7)
  An ice beast (D:7)
  4 centaurs
  A phantom (D:5)
  A kobold brigand (D:6)
  2 bullfrogs
  3 scorpions
  2 howler monkeys (D:8)
  3 jellies
  7 hounds
  2 orc priests
  Jessica (D:3)
  Ijyb (D:3)
  5 iguanas
  7 orc wizards
  A gnoll (D:1)
  6 adders
  3 white imps (D:6)
  An ufetubus (D:5)
  A dart slug (D:5)
  25 orcs
  7 endoplasms
  2 giant cockroaches
  15 goblins
  3 hobgoblins
  16 jackals
  12 kobolds
  4 quokkas
  4 ball pythons
  6 bats
  4 frilled lizards
  7 rats
174 creatures vanquished.

Vanquished Creatures (others)
  A kobold (D:4)
  3 fungi
  16 plants
20 creatures vanquished.

Grand Total: 194 creatures vanquished

Notes
Turn   | Place    | Note
-------+----------+-------------------------------------------
     0 | D:1      | ytrimaz the Formicid Fighter began the quest for the Orb.
     0 | D:1      | Reached XP level 1. HP: 18/18 MP: 1/1
   113 | D:1      | Reached XP level 2. HP: 17/24 MP: 2/2
   528 | D:1      | Reached skill level 3 in Axes
   761 | D:1      | Reached XP level 3. HP: 25/29 MP: 3/3
  1746 | D:2      | Reached skill level 4 in Axes
  1746 | D:2      | Reached XP level 4. HP: 34/35 MP: 4/4
  2712 | D:3      | Found a faded altar of an unknown god.
  2712 | D:3      | Found a radiant altar of Vehumet.
  2712 | D:3      | Noticed Grinder
  2727 | D:3      | Killed Grinder
  2728 | D:3      | Reached skill level 6 in Axes
  2728 | D:3      | Reached XP level 5. HP: 23/41 MP: 5/5
  2728 | D:3      | Reached XP level 6. HP: 26/47 MP: 6/6
  2866 | D:3      | Found a faded altar of an unknown god.
  2868 | D:3      | Found a broken altar of Ashenzari.
  2871 | D:3      | Found a sacrificial altar of Ru.
  2876 | D:3      | Became a worshipper of Ashenzari the Shackled
  2943 | D:3      | Found a faded altar of an unknown god.
  3304 | D:3      | Noticed Jessica
  3305 | D:3      | Killed Jessica
  3359 | D:3      | Found a shadowy altar of Dithmenos.
  3386 | D:3      | Noticed Ijyb
  3406 | D:3      | Killed Ijyb
  3964 | D:4      | Reached XP level 7. HP: 42/52 MP: 7/7
  3968 | D:4      | Reached skill level 7 in Axes
  4291 | D:4      | Found a hide-covered altar of Uskayaw.
  4291 | D:4      | Noticed a +0 dagger
  4291 | D:4      | Noticed a +0 dagger
  4471 | D:4      | Noticed a steam dragon
  4882 | D:4      | Found a staircase to the Ecumenical Temple.
  4893 | Temple   | Entered the Ecumenical Temple
  5203 | D:5      | Entered Level 5 of the Dungeon
  5237 | D:5      | Reached skill level 8 in Axes
  5445 | D:5      | Reached XP level 8. HP: 58/58 MP: 8/8
  5491 | D:5      | Reached * piety under Ashenzari
  5831 | D:5      | Reached skill level 9 in Axes
  6081 | D:5      | Found an iron altar of Okawaru.
  6190 | D:6      | Noticed Dowan
  6191 | D:6      | Noticed Duvessa
  6204 | D:6      | Killed Duvessa
  6211 | D:6      | Noticed Dowan
  6211 | D:6      | Dowan changed into Dowan the jackal
  6213 | D:6      | Killed Dowan the jackal
  6214 | D:6      | Reached skill level 10 in Axes
  6239 | D:6      | Identified the cursed +0 pair of boots "Ruined With Me"
                  | {Melee, Fort} (You found it on level 3 of the Dungeon)
  6585 | D:6      | Found a runed translucent gate.
  6585 | D:6      | Found a runed translucent gate.
  6585 | D:6      | Found a runed translucent gate.
  6588 | D:6      | Noticed Tollund's ghost (amateur DgTm)
  6650 | D:6      | Reached XP level 9. HP: 12/64 MP: 9/9
  6667 | D:6      | HP: 3/64 [white imp/puff of frost (8)]
  7149 | D:6      | Noticed Prince Ribbit
  7169 | D:6      | Killed Prince Ribbit
  7170 | D:6      | Reached skill level 11 in Axes
  7178 | D:6      | Reached ** piety under Ashenzari
  7479 | D:6      | Found a sparkling altar of Nemelex Xobeh.
  7500 | D:6      | Noticed Sigmund
  7513 | D:6      | Killed Sigmund
  8474 | D:7      | Reached *** piety under Ashenzari
  8712 | D:7      | Found a stormy altar of Qazlal.
  8756 | D:7      | Reached skill level 12 in Axes
  9458 | D:8      | Found a glowing golden altar of the Shining One.
  9910 | D:8      | Reached XP level 10. HP: 63/70 MP: 10/10
  9912 | D:8      | Reached skill level 13 in Axes
  9973 | D:8      | Reached skill level 1 in Throwing
  9978 | D:8      | Found a staircase to the Lair.
 10099 | D:8      | HP: 3/70 [wyvern (9)]
 10130 | D:8      | Slain by a wyvern

Illustrated notes

Levels and vault maps discovered:
D:1:      elethiomel_arrival_diamonds, layout_loops_ring, minmay_misc_feat_rows
D:2:      layout_basic, grunt_decor_fettered, minmay_pentomino_o4
D:3:      layout_basic, chequers_temple_overflow_minitemple,
          grunt_dithmenos_smoke_and_mirrors,
          shapermc_ecumenical_altar_mp_urbaneastern, minivault_27,
          kennysheep_generic_room_6, uniq_ijyb, uniq_grinder, uniq_jessica
D:4:      layout_basic, dancing_weapons_uskayaw,
          minmay_temple_entry_purple_smoke
D:5:      layout_basic, mainiacjoe_overflow_catwalk
D:6:      layout_layer_cave, nemelex_diamond_rough_becter,
          gammafunk_ghost_nasty_kobolds, grunt_ministairs_14,
          minmay_misc_feat_tower, minmay_door_square, lemuel_old_faithful,
          uniq_sigmund, uniq_prince_ribbit1, uniq_duvessa
D:7:      wander_river, layout_basic, lemuel_round_altar
D:8:      layout_gridville, nicolae_tso_swordbearing_angel,
          minmay_lair_entry_grove
Temple:   nicolae_temple_bog_church

Skill      XL: |  1  2  3  4  5  6  7  8  9 10 |
---------------+-------------------------------+-----
Axes           | 3 4 6 8 10 12 13 | 13.6
Armour         | 4 |  4.1
Throwing       | 3 |  3.7
Fighting       | |  3.2
Shields        | |  4.0
Evocations     | |  0.2

Action                   |  1- 3 |  4- 6 |  7- 9 | 10-12 || total
-------------------------+-------+-------+-------+-------++-------
Melee: War axe           |   112 |    99 |   320 |    49 ||   580
Throw: Boomerang         |       |       |     3 |     4 ||     7
Invok: Curse Item        |       |       |     4 |       ||     4
Evoke: Wand              |       |       |     2 |       ||     2
  Use: Scroll            |     2 |     3 |     4 |       ||     9
       Potion            |       |       |     5 |     2 ||     7
Armor: Scale mail        |    67 |    53 |   174 |    37 ||   331
       Skin              |       |       |    31 |       ||    31
Dodge: Dodged            |    74 |    46 |   108 |    23 ||   251
Block: Buckler           |    26 |    26 |    89 |    13 ||   154

Table legend: (Time is in decaauts)
 A = Elapsed time spent in this place.
 B = Non-inter-level travel time spent in this place.
 C = Inter-level travel time spent in this place.
 D = Time resting spent in this place.
 E = Time spent auto-exploring this place.
 F = Levels seen in this place.
 G = Mean time per level.
                   A        B        C        D        E       F      G
               +--------+--------+--------+--------+--------+-----+--------+
         Total |  10213 |   9956 |    257 |    853 |   7436 |   9 | 1134.8 |
       Dungeon |  10051 |   9813 |    238 |    853 |   7307 |   8 | 1256.4 |
        Temple |    161 |    142 |     19 |      0 |    129 |   1 |  161.0 |
               +--------+--------+--------+--------+--------+-----+--------+

Top non-repeatable levels by time:
     D:6: 2136 daAuts
     D:1: 1765 daAuts
     D:3: 1479 daAuts
     D:7: 1200 daAuts
     D:4: 1142 daAuts
     D:5: 895 daAuts
     D:2: 740 daAuts
     D:8: 692 daAuts
  Temple: 161 daAuts
